Map: Celestial Enclave LE

Players

legend - Winner!

  • Race: Protoss Protoss
  • League: Gold
  • Spawn Location: 1:00

SCIInewby

  • Race: Protoss Protoss
  • League: Master
  • Spawn Location: 7:00

VOD

Have the link to the VOD?

Description

Time

  • Played on: Feb. 5, 2026, 8:02 p.m.
  • Length: 8:47
Show
View Real Time Build Order
Export as new Build Order

legend Protoss - Winner!

Build Orders:  

Get SALT Encoding   

  12  0:05  Probe  
  13  0:16  Probe  
  14  0:24  Probe  
  14  0:26  Pylon  
  15  0:44  Probe  
  16  0:54  Gateway  
  16  0:56  Probe  
  17  1:05  Assimilator  
  17  1:08  Probe  
  18  1:15  Pylon  
  18  1:22  Probe  
  19  1:31  Forge  
  19  1:34  Probe  
  20  1:46  Probe  
  21  1:50  Zealot  
  23  1:59  Cybernetics Core  
  23  2:14  Nexus  
  23  2:24  Pylon  
  23  2:27  Assimilator  
  23  2:28  Zealot  
  25  2:31  Probe  
  26  2:44  Probe  
  27  2:50  Photon Cannon  
  27  2:51  Pylon  
  27  2:52  Stalker  
  27  3:06  Photon Cannon  
  27  3:12  Photon Cannon  
  25  3:24  Pylon  
  25  3:26  Probe  
  26  3:38  Probe  
  27  3:42  Stargate  
  27  3:50  Probe  
  28  4:02  Probe  
  29  4:14  Probe  
  29  4:16  Stargate  
  30  4:20  Photon Cannon  
  30  4:22  Probe  
  30  4:24  Photon Cannon  
  30  4:30  Probe  
  32  4:39  Fleet Beacon  
  32  4:41  Probe  
  33  4:47  Stargate  
  33  4:53  Probe  
  38  5:04  Void Ray  
  38  5:05  Probe  
  39  5:13  Gateway  
  39  5:17  Probe  
  39  5:18  Pylon  
  40  5:29  Probe, Tempest  
  45  5:36  Assimilator x2  
  45  5:37  Probe  
  46  5:45  Probe  
  49  5:56  Probe  
  50  6:07  Pylon  
  50  6:08  Probe  
  51  6:11  Pylon  
  51  6:13  Pylon  
  51  6:14  Tempest  
  49  6:36  Tempest  
  53  6:43  Zealot  
  53  6:44  Pylon  
  53  6:49  Pylon  
  53  6:53  Tempest  
  57  6:56  Zealot  
  59  7:15  Void Ray  
  59  7:22  Tempest  
  63  7:23  Zealot  
  63  7:32  Probe  
  64  7:42  Probe  
  64  7:44  Zealot  
  66  7:50  Zealot  
  66  7:51  Probe  
  70  7:59  Probe  
  69  8:11  Zealot, Probe  
  70  8:17  Zealot  
  72  8:23  Probe  
  85  8:33  Robotics Facility  
  85  8:36  Robotics Facility  
Show
View Real Time Build Order
Export as new Build Order

SCIInewby Protoss 

Build Orders:  

Get SALT Encoding   

  12  0:01  Probe  
  13  0:15  Probe  
  14  0:25  Pylon  
  14  0:37  Probe  
  15  0:47  Gateway  
  15  0:53  Probe  
  16  1:00  Assimilator  
  16  1:01  Probe  
  16  1:09  Probe  
  17  1:14  Forge  
  18  1:20  Probe  
  19  1:32  Probe  
  20  1:35  Cybernetics Core  
  20  1:38  Zealot  
  22  1:44  Probe  
  23  1:49  Pylon  
  23  2:04  Pylon  
  23  2:07  Probe  
  24  2:12  Photon Cannon  
  24  2:14  Photon Cannon  
  24  2:20  Probe  
  25  2:26  Warp Gate  
  25  2:29  Assimilator  
  25  2:32  Probe  
  26  2:44  Probe  
  27  2:45  Pylon  
  27  2:51  Pylon  
  27  2:54  Pylon  
  27  3:03  Photon Cannon  
  27  3:19  Photon Cannon  
  27  3:21  Photon Cannon  
  27  3:24  Robotics Facility  
  27  3:34  Gateway  
  25  3:54  Photon Cannon  
  25  3:56  Pylon  
  25  4:00  Pylon  
  25  4:19  Gateway  
  25  4:22  Gateway  
  25  4:25  Gateway  
  25  4:31  Zealot  
  27  4:40  Zealot  
  29  4:53  Stalker  
  31  5:07  Immortal  
  31  5:10  Stalker  
  33  5:16  Zealot  
  35  5:31  Pylon  
  35  5:44  Twilight Council, Zealot  
  35  5:46  Zealot  
  35  6:04  Immortal  
  33  6:16  Stalker  
  33  6:17  Stalker  
  32  6:38  Dark Shrine  
  32  6:40  Stalker  
  32  6:41  Stalker  
  36  6:48  Zealot  
  38  7:01  Stalker  
  38  7:03  Zealot  
  28  7:26  Immortal  
  32  7:50  Dark Templar  
  34  7:52  Dark Templar x2  
  34  8:13  Archon  
  34  8:15  Dark Templar  
Tags
 
Matchup
PvP
Replay Pack
Multiplayer
Spawn Locations
Cross Positions
Add a new tag
Caveats
  • Supply blocks, unpowered buildings, or Contaminate may cause inaccurate times.
  • Supply counts are checked every 10 seconds.